 Dungeon Crawl Stone Soup version 0.27-a0-732-ga892ba84f6 (webtiles) character file.

Game seed: 18305071177792593163

52593 olmar the Severer (level 14, -1/133 HPs)
             Began as a Deep Dwarf Fighter on Dec 1, 2020.
             Was a High Priest of Makhleb.
             Killed from afar by an oklob plant (4 damage)
             ... with a splash of acid
             ... on level 1 of the Lair of Beasts on Mar 23, 2021.
             The game lasted 00:29:01 (12833 turns).

olmar the Severer (Deep Dwarf Fighter)             Turns: 12833, Time: 00:29:01

Health: -1/133     AC: 20    Str: 24    XL:     14   Next: 27%
Magic:  10/10      EV:  8    Int: 10    God:    Makhleb [*****.]
Gold:   1060       SH: 14    Dex: 18    Spells: 13/13 levels left

rFire    . . .     SeeInvis +   n - +2 war axe (venom)
rCold    . . .     Faith    .   c - +0 kite shield
rNeg     + . .     Spirit   .   d - +27 Lear's hauberk
rPois    +         Reflect  .   (helmet currently unavailable)
rElec    .         Harm     .   O - +0 cloak {rPois}
rCorr    .         Rampage  .   (gloves currently unavailable)
Will     ++...                  (boots currently unavailable)
Stlth    ..........             (no amulet)
HPRegen  0.00/turn              j - ring of see invisible
MPRegen  0.12/turn              G - +6 ring of dexterity

@: corroded, non-regenerating
A: damage resistance, heal wounds, negative energy resistance 1, sense
surroundings 2, no regeneration
a: Heal Wounds, Renounce Religion, Minor Destruction, Lesser Servant of Makhleb,
Major Destruction, Greater Servant of Makhleb


You were on level 1 of the Lair of Beasts.
You worshipped Makhleb.
Makhleb was extremely pleased with you.
You visited 4 branches of the dungeon, and saw 19 of its levels.
You also visited: Ice Cave.

You collected 1490 gold pieces.
You spent 430 gold pieces at shops.

Inventory:

Hand Weapons
 a - a +1 war axe
 g - a +1 vorpal war axe
 n - a +2 war axe of venom (weapon)
 P - a +0 hand axe of venom
 X - a +2 vorpal war axe
Missiles
 K - 4 throwing nets
Armour
 b - a +0 scale mail
 c - a +0 kite shield (worn)
 d - the +27 Lear's hauberk (worn)
   (You found it in an ice cave)
 i - a +0 helmet
 u - a +3 chain mail
 I - a +1 pair of gloves
 M - +1 swamp dragon scales
 O - a +0 cloak of poison resistance (worn)
Jewellery
 j - a ring of see invisible (right hand)
 y - a +6 ring of dexterity
 B - an amulet of magic regeneration
 G - a +6 ring of dexterity (left hand)
 U - a ring of poison resistance
 W - a ring of stealth
Wands
 H - a wand of polymorph (7)
 R - a wand of paralysis (7)
 S - a wand of acid (7)
Scrolls
 f - a scroll of random uselessness {unknown}
 k - 9 scrolls of amnesia
 p - a scroll of noise
 q - 3 scrolls of blinking
 r - 2 scrolls of fog
 t - a scroll of enchant armour {unknown}
 v - 11 scrolls of removedness
 w - 6 scrolls of immolation {unknown}
 A - a scroll of holy word {unknown}
 C - a scroll of vulnerability {unknown}
 D - 5 scrolls of enchant weapon
 E - 2 scrolls of magic mapping
 F - 7 scrolls of teleportation
 L - 4 scrolls of fear
 N - 2 scrolls of summoning {unknown}
 T - 7 scrolls of identify
Potions
 e - 2 potions of magic
 h - 3 potions of brilliance
 l - 2 potions of attraction
 m - a potion of ambrosia
 o - 4 potions of mutation
 s - 2 potions of degeneration
 x - 2 potions of haste {unknown}
 z - 2 potions of flight {unknown}
 J - 3 potions of curing
 Q - a potion of cancellation {unknown}
 V - a potion of might


   Skills:
 + Level 10.6 Fighting
 + Level 16.5 Axes
 + Level 11.0 Armour
 + Level 13.6 Shields
 + Level 6.0 Invocations


You had 13 spell levels left.
You didn't know any spells.
Your spell library contained the following spells:

 Spells                   Type           Power      Damage    Failure   Level
 Corona                   Hex            0%         N/A       93%         1
 Foxfire                  Conj/Fire      0%         2x1d4     93%         1
 Shock                    Conj/Air       0%         1d3       93%         1
 Ensorcelled Hibernation  Hex/Ice        0%         N/A       98%         2
 Poisonous Vapours        Pois/Air       0%         N/A       98%         2
 Slow                     Hex            0%         N/A       98%         2
 Swiftness                Air            0%         N/A       98%         2
 Confusing Touch          Hex            0%         N/A       100%        3
 Conjure Flame            Conj/Fire      0%         6-21      100%        3
 Dazzling Flash           Conj/Hex       0%         N/A       100%        3
 Inner Flame              Hex/Fire       0%         N/A       100%        3
 Mephitic Cloud           Conj/Pois/Air  0%         N/A       100%        3
 Portal Projectile        Hex/Tloc       0%         N/A       100%        3
 Static Discharge         Conj/Air       0%         N/A       100%        3
 Tukima's Dance           Hex            0%         N/A       100%        3
 Airstrike                Air            0%         N/A       100%        4
 Cause Fear               Hex            0%         N/A       100%        4
 Leda's Liquefaction      Hex/Erth       0%         N/A       100%        4
 Sticky Flame             Conj/Fire      0%         2d3       100%        4
 Fireball                 Conj/Fire      0%         3d3       100%        5
 Lightning Bolt           Conj/Air       0%         1d11      100%        5
 Freezing Cloud           Conj/Ice/Air   0%         6-21      100%        6
 Ignition                 Fire           0%         3d3       100%        8
 Shatter                  Erth           0%         3d5*      100%        9
 Tornado                  Air            0%         N/A       100%        9


Dungeon Overview and Level Annotations

Branches:
Dungeon (15/15)            Temple (1/1) D:5            Lair (1/6) D:10
    Orc (2/2) D:12            Elf (0/3) Orc:2        Vaults (0/5) D:13
 Depths (0/5) D:15          IceCv (visited)

Altars:
Ashenzari
Cheibriados
Dithmenos
Elyvilon
Fedhas
Gozag
Hepliaklqana
Kikubaaqudgha
Makhleb
Nemelex Xobeh
Okawaru
Ru
Sif Muna
Trog
Uskayaw
Vehumet
Wu Jian
Xom
Yredelemnul
Zin
The Shining One
Beogh

Shops:
D:4 *   D:5 !   D:10 *   Orc:2 *([**

Annotations:
Lair:1 exclusion: 4 oklob plants


Innate Abilities, Weirdness & Mutations

You are resistant to damage.
You can heal yourself by infusing magical energy.
You resist negative energy. (rN+)
You passively map the area around you.
You do not regenerate.


Message History

The splash of acid hits you but does no damage.
The acid corrodes you!
You are splashed with acid!
The oklob plant spits acid at you.
The splash of acid hits you but does no damage.
You are splashed with acid!
The oklob plant spits acid at you.
The splash of acid hits you but does no damage.
The acid corrodes you!
You are splashed with acid!
* * * LOW HITPOINT WARNING * * *
Unknown command.
The oklob plant spits acid at you. The splash of acid misses you.
Unknown command.
The oklob plant spits acid at you. The splash of acid hits you.
* * * LOW HITPOINT WARNING * * *
The acid corrodes you!
You are splashed with acid!
* * * LOW HITPOINT WARNING * * *
The oklob plant spits acid at you. The splash of acid hits you!
* * * LOW HITPOINT WARNING * * *
The acid corrodes you!
You are splashed with acid.
* * * LOW HITPOINT WARNING * * *
Unknown command.
You hit the bush but do no damage.
The bush is poisoned.
You hit the plant but do no damage.
Unknown command.
Unknown command.
Unknown command.
Unknown command.
The oklob plant spits acid at you.
The splash of acid hits you but does no damage.
You are splashed with acid!
* * * LOW HITPOINT WARNING * * *
Unknown command.
Unknown command.
Unknown command.
The oklob plant spits acid at you. The splash of acid hits you!
You die...

* , , * *
........... ** *
###.......... *
#.#........... , ,
* ##............ *
* #.......PPP... ,,
,
#####.....[.P(PP..
, , * *
,..........PPP.PPP.
,,
.........@.P>P.?P.
, ,, *
*####.....P...PP. *
#.....P(PPP.. * ,,
#.....P.PP... , ,,*
#.......P.... , ,
##........... ,
#........... , ,
#####........... ,
, ,, ##
#...#.##........, ,
,


You could see 4 oklob plants.

Vanquished Creatures
  Agnes (D:14)
  A hydra (D:15)
  Harold (D:9)
  8 vault guards (D:13)
  2 centaur warriors (D:14)
  A boulder beetle (D:15)
  A catoblepas (D:13)
  5 two-headed ogres
  A skeletal warrior (D:15)
  4 unseen horrors
  A phantasmal warrior (D:15)
  Pikel (D:7)
  An orc knight (Orc:2)
  A necromancer (D:15)
  3 cyclopes
  A wolf spider (D:15)
  An ugly thing (D:13)
  A deep elf pyromancer (D:15)
  A manticore (D:11)
  A frost giant skeleton (D:15)
  Maurice (D:9)
  A spriggan zombie (D:15)
  4 ice statues (IceCv)
  Maggie (D:10)
  A cane toad (Lair:1)
  3 gargoyles
  3 kobold demonologists
  7 ice devils (IceCv)
  A guardian mummy (D:15)
  A queen bee (D:15)
  2 meliai (D:15)
  2 trolls
  Prince Ribbit (D:7)
  A tengu conjurer (D:13)
  A hornet (D:12)
  A spriggan skeleton (D:15)
  A vampire (D:10)
  5 wraiths
  A shadow (D:12)
  24 yaks
  Grum (D:10)
  A wyvern (D:15)
  A warg (Orc:2)
  2 acid dragons
  2 water moccasins (Lair:1)
  A floating eye (Lair:1)
  23 orc warriors
  A hornet zombie (D:14)
  A sky beast (D:9)
  A necrophage (D:15)
  3 ice beasts
  A removed eye of draining (D:9)
  A phantom (D:4)
  7 ogres
  3 wolves (D:10)
  29 centaurs
  Blork the orc (Orc:2)
  2 kobold brigands (D:14)
  2 gnoll sergeants
  9 bullfrogs
  A wyvern zombie (D:10)
  A wyvern skeleton (D:7)
  4 scorpions
  27 killer bees
  13 wights
  2 howler monkeys
  A bullfrog zombie (D:9)
  3 draconian simulacra (IceCv)
  4 jellies
  A quasit (D:10)
  5 centaur zombies
  14 orc wizards
  14 orc priests
  7 hounds
  3 bullfrog skeletons
  5 centaur skeletons
  Ijyb (D:5)
  Terence (D:3)
  2 iguanas
  11 worker ants
  2 killer bee zombies
  2 centaur simulacra (IceCv)
  A worker ant zombie (D:5)
  14 gnolls
  16 adders
  4 naga simulacra (IceCv)
  A white imp (D:9)
  An ufetubus (D:6)
  An adder skeleton (D:6)
  An adder zombie (D:8)
  3 dart slugs
  51 orcs
  5 removed leopard geckos
  5 ball pythons
  7 giant cockroaches
  13 goblins
  5 hobgoblins
  13 jackals
  6 quokkas
  5 bats
  6 frilled lizards
  7 kobolds
  A quokka zombie (D:5)
  8 rats
489 creatures vanquished.

Vanquished Creatures (collateral kills)
  Snorg (D:12)
  A two-headed ogre (D:15)
  An unseen horror (D:12)
  A wolf spider zombie (D:12)
  An orc knight (Orc:2)
  A necromancer (IceCv)
  A manticore (D:12)
  A centaur zombie (D:15)
  A kobold demonologist (D:15)
  A komodo dragon (D:13)
  A tengu conjurer (D:13)
  A yaktaur zombie (D:15)
  A meliai (D:15)
  A meliai zombie (D:14)
  A wraith (D:15)
  4 yaks (D:12)
  A soldier ant (D:13)
  A floating eye (D:12)
  12 orc warriors
  2 ogres (Orc:2)
  3 centaurs
  3 kobold brigands (D:15)
  A bullfrog (D:15)
  4 killer bees
  3 wights
  A wyvern simulacrum (D:14)
  An orc priest (D:13)
  3 orc wizards
  A troll simulacrum (IceCv)
  An adder (D:12)
  6 orcs
  A jackal (D:11)
  7 kobolds (D:15)
70 creatures vanquished.

Vanquished Creatures (others)
  3 killer bees (D:9)
  24 plants
  7 withered plants (D:15)
34 creatures vanquished.

Grand Total: 593 creatures vanquished

Notes
Turn   | Place    | Note
-------+----------+-------------------------------------------
     0 | D:1      | olmar the Deep Dwarf Fighter began the quest for the Orb.
     0 | D:1      | Reached XP level 1. HP: 20/20 MP: 1/1
    89 | D:1      | You fall into a shaft and drop 1 floor!
   140 | D:1      | Reached XP level 2. HP: 25/27 MP: 2/2
   339 | D:1      | Reached XP level 3. HP: 27/34 MP: 3/3
   553 | D:2      | Reached skill level 3 in Axes
  1090 | D:3      | Reached XP level 4. HP: 25/42 MP: 4/4
  1398 | D:3      | Noticed Terence
  1426 | D:3      | Killed Terence
  1427 | D:3      | Reached skill level 4 in Axes
  1473 | D:3      | Reached XP level 5. HP: 45/49 MP: 4/4
  1766 | D:3      | Found a glowing golden altar of the Shining One.
  1796 | D:3      | Found a hazy altar of Hepliaklqana.
  1796 | D:3      | Found a sparkling altar of Nemelex Xobeh.
  2126 | D:4      | Reached skill level 5 in Axes
  2126 | D:4      | Reached XP level 6. HP: 34/56 MP: 5/5
  2171 | D:4      | Found Zore's General Store.
  2256 | D:4      | Reached skill level 5 in Shields
  2607 | D:5      | Entered Level 5 of the Dungeon
  2621 | D:5      | Reached skill level 6 in Axes
  2621 | D:5      | Reached XP level 7. HP: 39/63 MP: 6/6
  2632 | D:5      | Found Gyom's Distillery.
  2637 | D:5      | Bought a potion of curing for 36 gold pieces
  2637 | D:5      | Bought a potion of ambrosia for 96 gold pieces
  2637 | D:5      | Bought a potion of berserk rage for 60 gold pieces
  2645 | D:5      | Found a white marble altar of Elyvilon.
  2651 | D:5      | Found an ornate altar of the Wu Jian Council.
  2684 | D:5      | Noticed Ijyb
  2685 | D:5      | Found a staircase to the Ecumenical Temple.
  2705 | D:5      | Killed Ijyb
  2764 | Temple   | Entered the Ecumenical Temple
  2793 | Temple   | Became a worshipper of Makhleb the Destroyer
  3162 | D:5      | Found a bloodstained altar of Trog.
  3218 | D:5      | Reached skill level 5 in Armour
  3326 | D:5      | Reached skill level 7 in Axes
  3525 | D:6      | Reached XP level 8. HP: 34/72 MP: 7/7
  3568 | D:6      | HP: 2/73 [orc priest/divine providence (8)]
  3718 | D:6      | Found a blossoming altar of Fedhas.
  3744 | D:6      | Reached skill level 8 in Axes
  3837 | D:6      | Noticed an unseen horror
  3864 | D:6      | Killed an unseen horror
  3997 | D:7      | Gained mutation: You passively map the area around you.
                  | [Deep Dwarf growth]
  3997 | D:7      | Reached XP level 9. HP: 62/80 MP: 8/8
  4032 | D:7      | Reached skill level 5 in Fighting
  4040 | D:7      | Reached * piety under Makhleb
  4041 | D:7      | Reached skill level 9 in Axes
  4051 | D:7      | Noticed Prince Ribbit
  4129 | D:7      | Killed Prince Ribbit
  4207 | D:7      | Noticed Pikel
  4221 | D:7      | Killed Pikel
  4222 | D:7      | Reached skill level 10 in Axes
  4440 | D:8      | Found a hide-covered altar of Uskayaw.
  4642 | D:8      | Reached XP level 10. HP: 59/91 MP: 6/6
  4654 | D:8      | Reached ** piety under Makhleb
  4743 | D:8      | Noticed a +0 hand axe
  4743 | D:8      | Noticed a +0 dagger
  5127 | D:9      | Found a shadowy altar of Dithmenos.
  5215 | D:9      | Reached skill level 1 in Invocations
  5448 | D:9      | Reached skill level 11 in Axes
  5488 | D:9      | Found an iron altar of Okawaru.
  5619 | D:9      | Noticed Maurice
  5621 | D:9      | Noticed Harold
  5648 | D:9      | Killed Harold
  5654 | D:9      | Killed Maurice
  5719 | D:10     | Entered Level 10 of the Dungeon
  5732 | D:10     | Found a staircase to the Lair.
  5962 | D:10     | Noticed Grum
  5981 | D:10     | Killed Grum
  6008 | D:10     | Found Lawu's Assorted Antiques.
  6132 | D:10     | Noticed a two-headed ogre
  6147 | D:10     | Killed a two-headed ogre
  6168 | D:10     | Noticed Maggie
  6193 | D:10     | Killed Maggie
  6194 | D:10     | Reached XP level 11. HP: 46/99 MP: 7/7
  6302 | D:10     | Noticed a two-headed ogre
  6316 | D:10     | Killed a two-headed ogre
  6317 | D:10     | Reached skill level 12 in Axes
  6338 | D:10     | Reached *** piety under Makhleb
  6795 | D:11     | Reached skill level 10 in Shields
  6818 | D:11     | Noticed an unseen horror
  6855 | D:11     | Found a flagged portal.
  6992 | D:11     | Reached **** piety under Makhleb
  7164 | D:11     | Killed an unseen horror
  7176 | D:11     | Found an ornate altar of the Wu Jian Council.
  7740 | D:12     | Found a staircase to the Orcish Mines.
  7851 | D:12     | Noticed Snorg
  7863 | D:12     | Killed Snorg
  7876 | D:12     | Noticed an unseen horror
  7885 | D:12     | Killed an unseen horror
  7896 | D:12     | Reached skill level 13 in Axes
  7936 | D:12     | Noticed Urug
  7940 | D:12     | Noticed Urug
  7940 | D:12     | Urug changed into Urug the floating eye
  7943 | D:12     | Paralysed by Urug for 4 turns
  7943 | D:12     | Killed Urug the floating eye
  8880 | D:13     | Noticed a catoblepas
  8880 | D:13     | Noticed a two-headed ogre
  8880 | D:13     | Noticed a red ugly thing
  8891 | D:12     | Killed a two-headed ogre
  8911 | D:13     | Killed a red ugly thing
  8912 | D:13     | Reached XP level 12. HP: 52/110 MP: 9/9
  8926 | D:13     | Killed a catoblepas
  9088 | D:13     | Noticed a two-headed ogre
  9100 | D:13     | Killed a two-headed ogre
  9102 | D:13     | Reached skill level 14 in Axes
  9253 | D:13     | Noticed a vault guard
  9257 | D:13     | Noticed a vault guard
  9258 | D:13     | Noticed a vault guard
  9262 | D:13     | Noticed a vault guard
  9265 | D:13     | Noticed a vault guard
  9294 | D:13     | Killed a vault guard
  9304 | D:13     | Killed a vault guard
  9338 | D:13     | Killed a vault guard
  9363 | D:13     | Killed a vault guard
  9374 | D:13     | Killed a vault guard
  9386 | D:13     | Noticed a vault guard
  9396 | D:13     | Killed a vault guard
  9403 | D:13     | Noticed a vault guard
  9404 | D:13     | Found a gate to the Vaults.
  9415 | D:13     | Killed a vault guard
  9416 | D:13     | Reached skill level 10 in Armour
  9500 | D:13     | Noticed a vault guard
  9507 | D:13     | Killed a vault guard
  9590 | D:13     | Reached XP level 13. HP: 120/121 MP: 9/9
  9644 | D:14     | Reached skill level 15 in Axes
  9724 | D:14     | Reached skill level 5 in Invocations
  9891 | D:14     | Noticed Agnes
  9930 | D:14     | Killed Agnes
  9948 | D:14     | Found a frozen archway.
  9958 | IceCv    | Entered an ice cave
 10101 | IceCv    | Reached ***** piety under Makhleb
 10347 | IceCv    | Found the +27 Lear's hauberk
 10772 | D:15     | Entered Level 15 of the Dungeon
 10818 | D:15     | Found a staircase to the Depths.
 10822 | D:15     | Reached skill level 10 in Fighting
 10824 | D:15     | Reached skill level 16 in Axes
 10913 | Orc:1    | Entered Level 1 of the Orcish Mines
 10963 | Orc:2    | Entered Level 2 of the Orcish Mines
 10963 | Orc:2    | Found Leciap's General Store.
 11033 | Orc:2    | Bought a scroll of fear for 56 gold pieces
 11033 | Orc:2    | Bought a scroll of fear for 56 gold pieces
 11137 | Orc:2    | Found Vaopsuel's General Store.
 11137 | Orc:2    | Found Seriw's Armour Boutique.
 11192 | Orc:2    | Gained mutation: You resist negative energy. (rN+) [Deep
                  | Dwarf growth]
 11192 | Orc:2    | Reached XP level 14. HP: 104/133 MP: 9/9
 11196 | Orc:2    | Noticed Blork the orc
 11207 | Orc:2    | Killed Blork the orc
 11239 | Orc:2    | Found Daquydob's General Store.
 11240 | Orc:2    | Found Xiliass's Weapon Shop.
 11254 | Orc:2    | Bought a scroll of blinking for 90 gold pieces
 11254 | Orc:2    | Bought a potion of curing for 36 gold pieces
 11428 | Orc:2    | Found a roughly hewn altar of Beogh.
 11549 | Orc:2    | Found a staircase to the Elven Halls.
 11931 | D:15     | Found a shimmering altar of Xom.
 12763 | Lair:1   | Entered Level 1 of the Lair of Beasts
 12809 | Lair:1   | Upgraded the game from 0.26-a0-958-gf3041fb45f to
                  | 0.27-a0-732-ga892ba84f6
 12831 | Lair:1   | HP: 3/133 [acid (14)]
 12833 | Lair:1   | Killed from afar by an oklob plant

Illustrated notes

Levels and vault maps discovered:
D:1:      grunt_arrival_lava_bath, layout_basic,
          wander_ebering_terrifying_dragon_lair
D:2:      minmay_alternating_diamond, layout_loops_cross, serial_bayou_pond_a
D:3:      layout_basic, nicolae_tso_carved_into_rock,
          chequers_temple_overflow_statue_of_worship, serial_rivers,
          chequers_serial_rivers_small_a, chequers_serial_rivers_micro_b,
          chequers_serial_rivers_marsh, chequers_serial_rivers_room_b,
          st_stairs_6, hangedman_glass_teeth, grunt_ministairs_14, uniq_terence
D:4:      layout_rooms, serial_shops, shop, serial_bayou_lagoon_b
D:5:      layout_loops_cross, grunt_temple_overflow_open,
          minmay_temple_entry_wispy, basic_altar, serial_shops,
          nicolae_shop_statue_plus, uniq_ijyb
D:6:      wander_river, layout_rooms, fedhas_ov_isle_minmay
D:7:      layout_rooms, uniq_prince_ribbit1, uniq_pikel
D:8:      layout_loops_ring, dancing_weapons_uskayaw
D:9:      layout_basic, kennysheep_little_box, overflow_temple_1_default,
          lemuel_round_altar, lemuel_flamethrower_2, uniq_maurice, uniq_harold
D:10:     layout_loops_corners, dpeg_oklobed_lair, serial_shops, shop,
          uniq_grum, uniq_maggie
D:11:     layout_basic, basic_altar, lightli_bailey_entry_fortress,
          nicolae_sextant
D:12:     layout_grid_maze, orc_0_dummy, uniq_snorg, uniq_urug
D:13:     layout_roguey, erik_vaults_2
D:14:     layout_roguey, portal_ice_cave_entry_pillars_2, uniq_agnes
D:15:     gammafunk_depths_entry_grave, layout_gridville,
          minmay_misc_feat_rugged, basic_altar, nicolae_looking_at_the_future
Temple:   minmay_temple_bridge_abc
Lair:1:   minmay_lair_venomous_thicket, layout_layer_cave, disabler_island,
          grunt_megastairs_2, serial_bayou_shore_a
Orc:1:    orc_temple, layout_diamond_mine
Orc:2:    st_orc_rangers, layout_caves, serial_shops, nicolae_shop_waterfront,
          basic_altar, sword_in_stone

Skill      XL: |  1  2  3  4  5  6  7  8  9 10 11 12 13 14 |
---------------+-------------------------------------------+-----
Fighting       | 3 4 5 6 8 9 10 | 10.6
Axes           | 3 4 5 6 7 8 10 11 13 14 16 | 16.5
Shields        | 4 5 7 8 9 11 12 13 | 13.6
Armour         | 4 5 6 7 8 9 10 11 | 11.0
Invocations    | 2 4 5 6 |  6.0

Action                   |  1- 3 |  4- 6 |  7- 9 | 10-12 | 13-15 || total
-------------------------+-------+-------+-------+-------+-------++-------
Melee: War axe           |   109 |   179 |   374 |   760 |   692 ||  2114
Invok: Minor Destruction |       |       |       |    18 |     2 ||    20
       Lesser Servant of |       |       |       |    12 |    19 ||    31
 Abil: Heal Wounds       |       |     2 |    10 |    14 |    11 ||    37
Evoke: Wand              |       |       |     3 |    19 |    15 ||    37
  Use: Potion            |       |       |     5 |     8 |     2 ||    15
       Scroll            |       |       |       |    17 |       ||    17
 Stab: Petrified         |       |       |       |     6 |       ||     6
       Distracted        |       |       |       |     4 |     6 ||    10
       Paralysed         |       |       |       |     1 |     2 ||     3
Armor: Scale mail        |    52 |    24 |       |       |       ||    76
       Chain mail        |       |    72 |   188 |   171 |   332 ||   763
       Swamp dragon scal |       |       |       |   131 |       ||   131
Dodge: Dodged            |    28 |    37 |    93 |   172 |   145 ||   475
Block: Kite shield       |    65 |    96 |   257 |   478 |   457 ||  1353

Table legend: (Time is in decaauts)
 A = Elapsed time spent in this place.
 B = Non-inter-level travel time spent in this place.
 C = Inter-level travel time spent in this place.
 D = Time resting spent in this place.
 E = Time spent auto-exploring this place.
 F = Levels seen in this place.
 G = Mean time per level.
                   A        B        C        D        E       F      G
               +--------+--------+--------+--------+--------+-----+--------+
         Total |  12839 |  11993 |    846 |    205 |   8012 |  20 |  642.0 |
       Dungeon |  11253 |  10521 |    732 |    198 |   7253 |  15 |  750.2 |
        Temple |    212 |    188 |     24 |      0 |    180 |   1 |  212.0 |
          Lair |     64 |     64 |      0 |      6 |     12 |   1 |   64.0 |
  Orcish Mines |    893 |    803 |     90 |      0 |    537 |   2 |  446.5 |
      Ice Cave |    416 |    416 |      0 |      0 |     30 |   1 |  416.0 |
               +--------+--------+--------+--------+--------+-----+--------+

Top non-repeatable levels by time:
    D:12: 1414 daAuts
     D:3: 1120 daAuts
    D:10: 1066 daAuts
    D:15: 850 daAuts
   Orc:2: 789 daAuts
    D:11: 749 daAuts
    D:13: 731 daAuts
    D:14: 700 daAuts
     D:5: 683 daAuts
     D:8: 657 daAuts
     D:2: 651 daAuts
     D:9: 618 daAuts
     D:4: 582 daAuts
     D:6: 526 daAuts
     D:7: 507 daAuts
